Map: Ulrena

Players

zidar

  • Race: Zerg Zerg
  • League: Gold
  • Spawn Location: 11:00

EuphOria - Winner!

  • Race: Terran Terran
  • League: Gold
  • Spawn Location: 7:00

VOD

Have the link to the VOD?

Description

Time

  • Played on: July 7, 2016, 2:42 p.m.
  • Length: 7:15
Show
View Real Time Build Order
Export as new Build Order

zidar Zerg 

Build Orders: Hatch First 

Get SALT Encoding   

  12  0:01  Drone  
  13  0:12  Overlord  
  13  0:17  Drone  
  14  0:30  Drone x2  
  16  0:53  Hatchery, Drone  
  16  0:57  Extractor  
  16  0:58  Drone  
  16  1:15  Spawning Pool  
  15  1:20  Drone  
  16  1:32  Drone  
  17  1:33  Drone x2  
  19  1:43  Overlord  
  19  2:02  Queen  
  19  2:04  Queen  
  19  2:07  Zergling x2  
  24  2:09  Zergling x2  
  24  2:12  Zergling x2  
  26  2:18  Metabolic Boost  
  26  2:21  Zergling x2  
  27  2:34  Baneling Nest  
  26  2:55  Drone x6  
  32  3:19  Roach Warren  
  31  3:26  Pneumatized Carapace  
  31  3:31  Zergling x2  
  31  3:32  Zergling x8  
  36  3:34  Overlord  
  36  3:35  Overlord  
  36  3:37  Overlord  
  36  4:16  Extractor  
  35  4:17  Lair  
  35  4:20  Roach x5  
  45  4:27  Drone x7  
  52  4:49  Overlord x4  
  52  5:10  Drone x6  
  58  5:18  Glial Reconstitution  
  47  5:35  Roach x5  
  41  5:51  Roach x3  
  45  6:02  Ravager  
  45  6:03  Ravager  
  42  6:10  Ravager  
  37  6:36  Roach  
  37  6:37  Roach x2, Ravager  
  42  6:46  Spine Crawler  
Show
View Real Time Build Order
Export as new Build Order

EuphOria Terran - Winner!

Build Orders: Liberator Opening 

Get SALT Encoding   

  12  0:01  SCV  
  13  0:13  SCV  
  14  0:18  Supply Depot  
  14  0:25  SCV  
  15  0:40  SCV  
  16  0:46  Refinery  
  16  0:47  Barracks  
  16  0:55  SCV  
  17  1:08  Refinery, SCV  
  18  1:22  Supply Depot  
  18  1:34  Orbital Command  
  18  1:47  Marine  
  19  2:00  SCV  
  20  2:05  Factory  
  20  2:07  Marine  
  21  2:12  SCV  
  22  2:24  SCV  
  22  2:26  Barracks  
  22  2:28  Marine  
  24  2:36  SCV  
  25  2:45  Marine  
  25  2:48  SCV  
  27  2:52  Factory Tech Lab  
  27  2:58  Starport  
  27  3:00  SCV  
  27  3:03  Marine  
  29  3:08  Supply Depot  
  30  3:12  SCV  
  30  3:16  Marine  
  31  3:29  Marine, SCV, Siege Tank  
  31  3:31  Supply Depot  
  31  3:34  Marine  
  36  3:35  Liberator  
  37  3:41  SCV  
  38  3:54  SCV  
  41  4:04  Cyclone  
  41  4:06  SCV  
  46  4:13  Marine x2  
  46  4:14  Supply Depot  
  48  4:18  Liberator, SCV  
  49  4:34  Marine x2  
  49  4:36  Siege Tank  
  57  4:52  Marine x2, SCV, Supply Depot  
  60  5:04  Barracks, SCV  
  60  5:06  Supply Depot  
  61  5:09  Marine  
  61  5:10  Marine  
  61  5:12  Supply Depot  
  66  5:14  Siege Tank  
  55  5:44  Marine  
  56  5:50  Starport Reactor  
  56  5:51  Siege Tank  
  56  5:53  Marine x2  
  61  6:02  Marine  
  60  6:11  Marine  
  61  6:12  Marine  
  62  6:19  Marine  
  63  6:29  Command Center  
Tags
 
Add a new tag
Caveats
  • Supply blocks, unpowered buildings, or Contaminate may cause inaccurate times.
  • Supply counts are checked every 10 seconds.